 Dungeon Crawl Stone Soup version 0.30.1-11-g7821555f0a (webtiles) character file.

Game seed: 4655407367507524643

81 Ivernyr the Shield-Bearer (level 4, -1/37 HPs)
             Began as a Formicid Fighter on Dec 7, 2023.
             Succumbed to a scorpion's poison
             ... on level 3 of the Dungeon.
             The game lasted 00:02:45 (1971 turns).

Ivernyr the Shield-Bearer (Formicid Fighter)        Turns: 1971, Time: 00:02:46

Health: -1/37      AC:  7    Str: 23    XL:     4   Next: 67%
Magic:  2/4        EV:  9    Int:  7    God:
Gold:   56         SH:  5    Dex: 13    Spells: 3/3 levels left

rFire   . . .        a - +0 quarterstaff
rCold   . . .        c - +0 buckler
rNeg    . . .        b - +0 scale mail
rPois   .            (helmet unavailable)
rElec   .            (no cloak)
rCorr   .            (no gloves)
SInv    +            (no boots)
Will    .....        i - amulet of guardian spirit Stlth
                     (no ring)
HPRegen 0.26/turn    (no ring)
MPRegen 0.09/turn

%: guardian spirit
@: lethally poisoned (-1 -> -8), attractive
A: permanent stasis, dig shafts and tunnels, antennae 3, four strong arms
a: Dig, Shaft Self


You were on level 3 of the Dungeon.
You visited 1 branch of the dungeon, and saw 3 of its levels.

You collected 56 gold pieces.

Inventory:

Hand Weapons
 a - a +0 quarterstaff (weapon)
Armour
 b - a +0 scale mail (worn)
 c - a +0 buckler (worn)
Jewellery
 i - an amulet of guardian spirit (around neck)
Scrolls
 e - a scroll of amnesia {unknown}
 f - a scroll of fear {unknown}
 g - 2 scrolls of identify {unknown}
 j - a scroll of enchant armour {unknown}
 m - a scroll of blinking {unknown}
 n - a scroll of magic mapping {unknown}
 p - a scroll of torment {unknown}
Potions
 d - a potion of might
 o - a potion of heal wounds {unknown}


   Skills:
 + Level 3.8 Fighting
 * Level 3.1 Staves
 + Level 3.9 Armour
 + Level 4.7 Shields


You had 3 spell levels left.
You didn't know any spells.
Your spell library contained the following spells:

 Spells                   Type           Power      Damage    Failure   Level
 Sandblast                Erth           0%         2d4       80%         1
 Passwall                 Tmut/Erth      0%         N/A       91%         2
 Stone Arrow              Conj/Erth      0%         3d7       99%         3


Dungeon Overview and Level Annotations

Branches:
Dungeon (3/15)

Altars:
Makhleb


Innate Abilities, Weirdness & Mutations

You cannot be hasted, slowed, berserked, paralysed or teleported.
You can dig through walls and to a lower floor.
You have a pair of large antennae on your head. (SInv)
Your four strong arms can wield two-handed weapons with a shield.


Message History

The scorpion is lightly wounded.
You feel very sick. The scorpion stings you.
You are more poisoned.
The scorpion poisons you!
You hit the scorpion.
The scorpion is heavily wounded.
You feel very sick. You block the scorpion's attack. The scorpion stings you.
You hit the scorpion.
The scorpion is severely wounded.
You feel very sick. The scorpion barely misses you.
You barely miss the scorpion.
The scorpion is severely wounded.
You feel very sick. The scorpion stings you. You block the scorpion's attack.
You barely miss the scorpion.
The scorpion is severely wounded.
You feel sick. The scorpion stings you.
* * * LOW HITPOINT WARNING * * *
You are lethally poisoned!
The scorpion poisons you!
You hit the scorpion but do no damage.
The scorpion is severely wounded.
* * * LOW HITPOINT WARNING * * *
You feel very sick. The scorpion closely misses you.
It was a potion of haste.
Your stasis prevents you from being hasted.
* * * LOW HITPOINT WARNING * * *
You feel very sick.
The scorpion stings you but does no damage.
The scorpion barely misses you.
It was a potion of magic.
Magic courses through your body.
* * * LOW HITPOINT WARNING * * *
You feel sick. The scorpion stings you.
It was a potion of attraction.
You feel attractive to monsters.
You die...

#. #.###################
####....................
.....######..##########
###...#....#..#
.....#@##.#..#
.#####..#s##.#..######
......>.†K...........###
#####..#.##.#..####....##
..........................
.###.......#.#..#######...
#'#.###...#..# #### #....
+...#..# # #.... #.......
######


You could see a scorpion and a kobold.

Vanquished Creatures
  A gnoll (D:1)
  2 adders (D:3)
  2 dart slugs (D:2)
  3 ball pythons
  5 bats
  4 endoplasms
  A giant cockroach (D:2)
  4 goblins
  5 hobgoblins
  6 jackals
  2 quokkas (D:3)
  6 frilled lizards
  3 kobolds
  3 rats
47 creatures vanquished.

Notes
Turn   | Place    | Note
-------+----------+-------------------------------------------
     0 | D:1      | Ivernyr the Formicid Fighter began the quest for the Orb.
     0 | D:1      | Reached XP level 1. HP: 18/18 MP: 1/1
   204 | D:1      | Reached XP level 2. HP: 23/24 MP: 2/2
   521 | D:1      | Reached XP level 3. HP: 26/29 MP: 3/3
  1354 | D:2      | Reached XP level 4. HP: 37/37 MP: 4/4
  1725 | D:3      | Found a burning altar of Makhleb.
  1945 | D:3      | Noticed a scorpion
  1970 | D:3      | HP: 1/37 [poisoned by a scorpion]
  1971 | D:3      | Succumbed to a scorpion's poison

Illustrated notes

Levels and vault maps discovered:
D:1:      co_arrival_random_square_maze, layout_loops_cross
D:2:      layout_loops_corners
D:3:      layout_basic, lightli_temple_of_fire

Skill      XL: |  1  2  3  4 |
---------------+-------------+-----
Staves         | 3 |  3.1
Fighting       | |  3.8
Armour         | |  3.9
Shields        | |  4.7

Action                     |  1- 3 |  4- 6 || total
---------------------------+-------+-------++-------
  Melee: Quarterstaff      |    76 |    52 ||   128
    Use: Potion            |       |     3 ||     3
 Armour: Scale mail        |    41 |    20 ||    61
  Dodge: Dodged            |    42 |    26 ||    68
  Block: Buckler           |    19 |    14 ||    33
